 Dungeon Crawl Stone Soup version 0.31-a0-1-g4198be8af4 (webtiles) character file.

Game seed: 4555020083839461387

337 BlasphemerAmon the Trooper (level 6, 0/56 HPs)
             Began as a Minotaur Fighter on May 2, 2023.
             Slain by a black bear (1 damage)
             ... on level 5 of the Dungeon.
             The game lasted 00:05:02 (3071 turns).

BlasphemerAmon the Trooper (Minotaur Fighter)       Turns: 3071, Time: 00:05:02

Health: 0/56       AC:  8    Str: 22    XL:     6   Next: 28%
Magic:  16/16      EV:  9    Int:  5    God:
Gold:   141        SH:  5    Dex: 10    Spells: 8/8 levels left

rFire   . . .        a - +0 long sword
rCold   . . .        c - +0 buckler
rNeg    . . .        b - +0 scale mail
rPois   .            (helmet restricted)
rElec   .            l - +0 cloak
rCorr   .            (no gloves)
SInv    .            (no boots)
Will    .....        (no amulet) Stlth
                     p - ring of magical power
HPRegen 0.29/turn    (no ring)
MPRegen 0.15/turn

%: no passive effects
@: mighty
A: horns 2, retaliatory headbutt
a: no special abilities


You were on level 5 of the Dungeon.
You visited 1 branch of the dungeon, and saw 5 of its levels.

You collected 204 gold pieces.
You spent 63 gold pieces at shops.

Inventory:

Hand Weapons
 a - a +0 long sword (weapon)
Armour
 b - a +0 scale mail (worn)
 c - a +0 buckler (worn)
 l - a +0 cloak (worn)
Jewellery
 e - an amulet of magic regeneration
 h - a ring of positive energy
 p - a ring of magical power (left hand)
 t - a ring of protection from fire
Wands
 v - a wand of roots (8)
Scrolls
 i - 2 scrolls of poison {unknown}
 q - a scroll of identify {unknown}
 r - 3 scrolls of vulnerability {unknown}
 s - a scroll of enchant armour {unknown}
 w - 2 scrolls of teleportation {unknown}
 x - a scroll of silence {unknown}
 y - a scroll of brand weapon {unknown}
Potions
 f - 3 potions of lignification {unknown}
 g - a potion of heal wounds {unknown}
 j - 4 potions of cancellation {unknown}
 k - a potion of invisibility {unknown}
 m - 4 potions of attraction {unknown}
 n - a potion of haste {unknown}
 o - 3 potions of degeneration {unknown}
 u - a potion of resistance {unknown}
 z - 2 potions of magic {unknown}


   Skills:
 + Level 5.1 Fighting
 + Level 4.1 Long Blades
 + Level 5.0 Armour
 + Level 5.0 Shields
 + Level 1.5 Spellcasting


You had 8 spell levels left.
You didn't know any spells.
Your spell library contained the following spells:

 Spells                   Type           Power      Damage    Failure   Level
 Olgreb's Toxic Radiance  Pois           0%         N/A       100%        4
 Discord                  Hex            0%         N/A       100%        8
 Ignition                 Fire           0%         3d3       100%        8


Dungeon Overview and Level Annotations

Branches:
Dungeon (5/15)
 Temple: D:4-7

Altars:
Makhleb
Qazlal
Ru

Shops:
D:1 [?([


Innate Abilities, Weirdness & Mutations

You have a pair of horns on your head.
You reflexively headbutt those who attack you in melee.


Message History

Blork the orc is severely wounded.
You block Blork the orc's attack. x2
You closely miss Blork the orc.
Blork the orc is severely wounded.
Blork the orc hits you with a +0 battleaxe!
You block Blork the orc's attack.
You barely miss Blork the orc.
Blork the orc is severely wounded.
Blork the orc hits you with a +0 battleaxe!
Blork the orc points at you and mumbles some strange words.
The magic dart hits you.
You hit Blork the orc. Your headbutt misses Blork the orc.
Blork the orc is severely wounded.
Blork the orc hits you with a +0 battleaxe!
You are too injured to fight recklessly!
You are too injured to fight recklessly!
You are too injured to fight recklessly!
You are too injured to fight recklessly!
You are too injured to fight recklessly!
You are too injured to fight recklessly!
You barely miss Blork the orc.
Blork the orc is severely wounded.
Blork the orc points at you and mumbles some strange words.
The magic dart hits you. You block Blork the orc's attack.
The black bear bites you.
* * * LOW HITPOINT WARNING * * *
The black bear barely misses you.
The black bear claws you but does no damage.
You feel very mighty all of a sudden. Blork the orc casts a spell at you.
The puff of flame hits you!
* * * LOW HITPOINT WARNING * * *
The black bear bites you.
* * * LOW HITPOINT WARNING * * *
The black bear claws you but does no damage. x2
Blork the orc barely misses you.
You slash Blork the orc! You headbutt Blork the orc.
You kill Blork the orc!
The black bear bites you.
You die...

#..... ####.(.... ###
##.#....... ##...
###.../.....# #...<
...........#
####....#
##.......$..
........##...........
............@)......
#..###......h#.....
###<..##.......# ...
..#.....##........# .
......†..........##
.#..##..#.......#
#.<.#......##
........##.....##
.........##.#....


You could see a black bear.

Vanquished Creatures
  A phantom (D:4)
  Blork the orc (D:5)
  A necrophage (D:4)
  An iguana (D:4)
  Ijyb (D:3)
  A hound skeleton (D:4)
  7 adders
  3 dart slugs (D:1)
  An orc (D:3)
  9 bats
  7 endoplasms
  6 giant cockroaches
  6 hobgoblins
  A jackal (D:1)
  5 kobolds
  A quokka (D:2)
  5 ball pythons
  3 frilled lizards
  11 goblins
  7 rats
78 creatures vanquished.

Notes
Turn   | Place    | Note
-------+----------+-------------------------------------------
     0 | D:1      | BlasphemerAmon the Minotaur Fighter began the quest for the
                  | Orb.
     0 | D:1      | Reached XP level 1. HP: 19/19 MP: 0/0
    75 | D:1      | Found Uliuloma's Magic Scroll Shop.
    80 | D:1      | Found Xenel's Weapon Emporium.
    87 | D:1      | Reached XP level 2. HP: 26/27 MP: 1/1
   139 | D:1      | Found Aqakhlied's Antique Armour Shoppe.
   272 | D:1      | Reached XP level 3. HP: 33/33 MP: 2/2
   329 | D:1      | Noticed a +0 triple crossbow
   334 | D:1      | Found Apest's Weapon Shoppe.
   336 | D:1      | Noticed a +0 great mace
   485 | D:1      | Found Orenogym's Armour Boutique.
   503 | D:1      | Bought a +0 cloak for 63 gold pieces
  1490 | D:3      | Found a stormy altar of Qazlal.
  1656 | D:3      | Noticed Ijyb
  1661 | D:3      | Reached XP level 4. HP: 34/40 MP: 3/3
  1666 | D:3      | Killed Ijyb
  2518 | D:4      | Reached XP level 5. HP: 40/47 MP: 5/5
  2558 | D:4      | Reached skill level 1 in Spellcasting
  2572 | D:4      | Noticed a phantom
  2582 | D:4      | Killed a phantom
  2701 | D:4      | Found a burning altar of Makhleb.
  2713 | D:4      | Reached skill level 5 in Fighting
  2713 | D:4      | Reached XP level 6. HP: 56/56 MP: 7/7
  2715 | D:4      | Reached skill level 5 in Shields
  2789 | D:4      | Reached skill level 5 in Armour
  2900 | D:4      | Found a sacrificial altar of Ru.
  3047 | D:5      | Entered Level 5 of the Dungeon
  3059 | D:5      | Noticed Blork the orc
  3070 | D:5      | HP: 1/56 [black bear (4)]
  3071 | D:5      | Killed Blork the orc
  3071 | D:5      | Slain by a black bear

Illustrated notes

Levels and vault maps discovered:
D:1:      psy_arrival_basics, layout_basic, serial_shops,
          nicolae_shop_mannequins, nicolae_shop_tiny_waterfront,
          nicolae_shop_window_shopping, shop, nicolae_shop_behind_doors,
          minmay_split_cup_large
D:2:      layout_basic
D:3:      layout_basic, nicolae_qazlal_scattered_showers, uniq_ijyb
D:4:      layout_cave_pools, makhleb_blood_cavern_becter,
          nicolae_ru_path_of_blood, guppyfry_early_lair_pool
D:5:      layout_cave_pools, general_overflow_altar, minmay_temple_entry_waves,
          gammafunk_ghost_split, uniq_duvessa, uniq_blork_the_orc

Skill      XL: |  1  2  3  4  5  6 |
---------------+-------------------+-----
Armour         | 4 5 |  5.0
Shields        | 4 5 |  5.0
Fighting       | 4 5 |  5.1
Long Blades    | 3 4 |  4.1
Spellcasting   | 1 |  1.5

Action                     |  1- 3 |  4- 6 || total
---------------------------+-------+-------++-------
  Melee: Long sword        |   121 |   102 ||   223
         Headbutt          |     9 |     8 ||    17
    Use: Potion            |       |     1 ||     1
 Armour: Scale mail        |    61 |    58 ||   119
  Dodge: Dodged            |    47 |    46 ||    93
  Block: Buckler           |    33 |    33 ||    66

Table legend: (Time is in decaauts)
 A = Elapsed time spent in this place.
 B = Non-inter-level travel time spent in this place.
 C = Inter-level travel time spent in this place.
 D = Time resting spent in this place.
 E = Time spent auto-exploring this place.
 F = Levels seen in this place.
 G = Mean time per level.
                   A        B        C        D        E       F      G
               +--------+--------+--------+--------+--------+-----+--------+
         Total |   3132 |   3060 |     72 |    121 |   2298 |   5 |  626.4 |
       Dungeon |   3132 |   3060 |     72 |    121 |   2298 |   5 |  626.4 |
               +--------+--------+--------+--------+--------+-----+--------+

Top non-repeatable levels by time:
     D:3: 998 daAuts
     D:2: 811 daAuts
     D:1: 682 daAuts
     D:4: 614 daAuts
     D:5: 26 daAuts
